Map: Pillars of Gold LE

Players

Rogue - Winner!

  • Race: Zerg Zerg
  • Spawn Location: 1:00

soul

  • Race: Terran Terran
  • Spawn Location: 7:00

Event: StayAtHome Story Cup #3

VOD

Have the link to the VOD?

Description

Time

  • Played on: March 12, 2021, 8:25 a.m.
  • Length: 8:19

All games in this series

Show
View Real Time Build Order
Export as new Build Order

Rogue Zerg - Winner!

Build Orders: Hatch First 

Get SALT Encoding   

  12  0:01  Drone  
  13  0:12  Overlord  
  13  0:17  Drone  
  14  0:31  Drone  
  14  0:32  Drone  
  16  0:50  Hatchery  
  16  0:53  Drone  
  16  0:56  Drone  
  17  1:00  Drone  
  18  1:10  Extractor  
  17  1:16  Spawning Pool  
  16  1:19  Drone  
  16  1:22  Drone  
  18  1:29  Drone  
  19  1:40  Drone  
  20  1:50  Drone  
  21  2:03  Queen x2, Zergling x2  
  21  2:04  Zergling x2  
  27  2:13  Overlord  
  28  2:15  Drone  
  28  2:29  Hatchery, Drone  
  28  2:33  Drone  
  29  2:37  Drone x2  
  31  2:44  Queen  
  31  2:49  Metabolic Boost  
  33  2:53  Overlord  
  33  2:56  Drone  
  34  3:00  Drone  
  34  3:01  Drone  
  36  3:15  Drone x5  
  41  3:22  Queen  
  41  3:23  Overlord  
  41  3:25  Drone  
  44  3:42  Queen  
  44  3:43  Drone x5  
  44  3:45  Queen  
  44  3:48  Drone x2  
  55  3:53  Overlord  
  55  3:56  Drone x3  
  58  4:03  Overlord  
  58  4:07  Overlord  
  58  4:12  Drone x4  
  58  4:14  Drone  
  62  4:18  Drone x2  
  62  4:19  Drone  
  67  4:25  Zergling x2  
  67  4:26  Zergling x4  
  67  4:28  Overlord  
  70  4:32  Lair, Spore Crawler  
  70  4:35  Extractor x2  
  70  4:36  Drone  
  70  4:38  Drone  
  69  4:39  Spore Crawler  
  69  4:40  Spore Crawler  
  69  4:41  Drone x2  
  69  4:42  Drone  
  68  4:47  Drone x3  
  68  4:52  Evolution Chamber x2  
  69  4:54  Drone x4  
  69  4:55  Drone x2  
  69  4:56  Drone  
  69  4:58  Drone  
  69  4:59  Extractor x3  
  74  5:00  Drone  
  74  5:06  Roach Warren  
  74  5:08  Drone x3  
  74  5:11  Drone  
  74  5:13  Drone x2  
  80  5:18  Zerg Missile Weapons Level 1, Zerg Ground Armor Level 1  
  80  5:23  Drone x3  
  83  5:30  Overseer  
  83  5:36  Zergling x12  
  83  5:38  Drone  
  83  5:40  Overlord  
  83  5:42  Overlord  
  88  5:49  Overlord  
  88  5:56  Overlord  
  88  5:59  Hatchery, Drone  
  88  6:00  Glial Reconstitution  
  88  6:04  Roach  
  88  6:05  Roach x6  
  88  6:07  Roach  
  88  6:10  Roach  
  88  6:11  Roach  
  108  6:13  Overlord  
  108  6:17  Roach x2  
  112  6:19  Roach x2  
  112  6:21  Overlord  
  112  6:23  Roach  
  116  6:26  Roach  
  116  6:27  Roach  
  120  6:33  Roach x4  
  120  6:34  Overlord  
  120  6:37  Ravager x4  
  130  6:44  Roach x4  
  130  6:47  Overlord  
  137  6:55  Roach x3  
  137  6:56  Ravager x2  
  145  7:08  Overlord  
  145  7:12  Roach  
  145  7:13  Roach x6  
  145  7:15  Ravager  
  159  7:20  Overlord x6  
  159  7:25  Queen  
  159  7:28  Roach x3  
  162  7:31  Roach x2  
  162  7:34  Roach  
  162  7:37  Roach  
  166  7:42  Ravager x5  
  166  7:43  Zergling x2, Ravager  
  166  7:44  Zergling x10  
  177  7:47  Zergling x2  
  177  7:48  Zergling x4  
  177  7:50  Zergling x2  
  182  7:55  Roach  
  182  7:56  Roach x3  
  182  7:57  Zergling x2  
Show
View Real Time Build Order
Export as new Build Order

soul Terran 

Build Orders: Command Center First (CC) 

Get SALT Encoding   

  12  0:00  SCV  
  13  0:13  SCV  
  14  0:18  Supply Depot  
  14  0:25  SCV  
  15  0:39  SCV  
  16  0:51  SCV  
  17  1:02  Command Center  
  17  1:05  SCV  
  18  1:16  Barracks  
  18  1:20  SCV  
  19  1:28  Refinery  
  19  1:32  SCV  
  20  1:34  Refinery  
  20  1:44  SCV  
  21  1:56  SCV  
  22  2:06  Reaper  
  23  2:08  Orbital Command  
  23  2:14  Orbital Command  
  23  2:25  Factory  
  23  2:30  Supply Depot  
  23  2:34  SCV  
  24  2:39  Barracks Reactor  
  24  2:41  SCV  
  25  2:46  SCV  
  26  2:53  SCV  
  27  2:58  SCV  
  27  3:02  Command Center  
  28  3:06  SCV  
  28  3:10  SCV  
  28  3:12  Starport  
  30  3:18  SCV  
  31  3:22  SCV  
  31  3:25  Hellion  
  31  3:26  Hellion  
  36  3:28  Barracks Tech Lab  
  36  3:30  SCV  
  37  3:34  Supply Depot  
  37  3:35  SCV  
  38  3:42  SCV  
  38  3:46  Hellion  
  38  3:47  SCV, Hellion  
  38  3:48  Starport Tech Lab  
  44  3:49  Stimpack  
  44  3:51  Marine  
  44  3:54  SCV  
  46  3:59  SCV  
  47  4:06  SCV  
  48  4:11  SCV, Banshee  
  48  4:15  Barracks  
  52  4:17  Barracks  
  52  4:18  Orbital Command, SCV  
  52  4:21  Factory Reactor  
  52  4:23  SCV  
  54  4:30  Barracks x2  
  54  4:33  Refinery  
  54  4:34  Refinery, SCV  
  54  4:35  SCV  
  56  4:40  Marine  
  56  4:41  Supply Depot  
  56  4:45  SCV  
  58  4:46  SCV  
  59  4:53  Engineering Bay  
  59  4:54  SCV, Engineering Bay  
  59  4:57  Marine  
  59  4:59  SCV  
  62  5:04  Marine x2  
  64  5:08  Starport Reactor  
  64  5:09  SCV  
  64  5:10  Supply Depot  
  64  5:12  Marine x2  
  67  5:14  Siege Tank  
  67  5:17  Orbital Command  
  67  5:18  Barracks Reactor x2  
  70  5:24  Terran Infantry Armor Level 1, Terran Infantry Weapons Level 1, Supply Depot  
  70  5:27  Supply Depot  
  70  5:31  Marine x2  
  70  5:32  Combat Shield  
  70  5:33  Marine x3  
  75  5:44  SCV  
  75  5:48  Marine x2  
  75  5:49  Medivac  
  80  5:51  Medivac, Supply Depot  
  80  5:54  Marine x5, Supply Depot  
  80  5:56  Marine  
  88  5:58  Marine  
  88  6:02  Siege Tank  
  92  6:06  Marine x2  
  94  6:12  Marine x3  
  94  6:15  Marine x3  
  94  6:17  Supply Depot  
  94  6:18  Marine  
  101  6:21  Supply Depot  
  101  6:24  Marine x2  
  103  6:26  Medivac  
  103  6:30  Marine x3  
  108  6:33  Marine  
  108  6:34  Marine x2  
  108  6:35  Marine  
  108  6:39  Siege Tank  
  115  6:40  Supply Depot  
  115  6:42  Marine x2  
  117  6:48  Marine x3  
  117  6:50  Marine  
  121  6:56  Marine x2  
  121  6:57  Marine, Supply Depot  
  121  7:00  Marine x2  
  126  7:05  Supply Depot  
  123  7:09  Medivac  
  123  7:11  Marine x2, Siege Tank  
  123  7:12  Marine  
  131  7:16  Marine  
  131  7:22  Supply Depot  
  132  7:24  SCV x2  
  132  7:28  Orbital Command  
  115  7:36  SCV x2  
  112  7:38  Marine x2  
  112  7:42  Marine x2  
  112  7:43  Siege Tank  
  119  7:48  SCV x2  
  119  7:50  Marine  
  119  7:51  Bunker  
  122  7:52  Marine x2  
  122  7:53  Bunker  
  122  7:54  Marine  
  122  7:56  SCV  
  122  7:57  Marine  
  127  8:00  SCV  
Tags
 
Add a new tag
Caveats
  • Supply blocks, unpowered buildings, or Contaminate may cause inaccurate times.
  • Supply counts are checked every 10 seconds.